 Dungeon Crawl Stone Soup version bcrawl-1.21.2-20-g6d45ba5942 (webtiles) character file.

Game seed: 13948185773584686957

119 Revguard the Ducker (level 4, -24/33 HPs)
             Began as a Demonspawn Archaeologist on Feb 25, 2020.
             Killed from afar by a giant cockroach (36 damage)
             ... with an exploding inner flame
             ... hexed by the player character
             ... on level 3 of the Dungeon.
             The game lasted 00:04:46 (2086 turns).

Revguard the Ducker (Demonspawn Archaeologist)      Turns: 2086, Time: 00:04:46

Health: -24/33     AC:  8    Str: 11    XL:     4   Next: 74%
Magic:  0/4        EV: 11    Int: 15    God:
Gold:   82         SH:  0    Dex: 13    Spells: 3/3 levels left

rFire    . . .     SeeInvis .   q - +0 mace
rCold    . . .     Gourm    .   (no shield)
rNeg     . . .     Faith    .   o - +0 ring mail
rPois    .         Spirit   +   c - +1 hat
rElec    .         Reflect  .   (no cloak)
rCorr    .         Harm     .   (no gloves)
MR       .....                  d - +1 pair of boots
Stlth    ++........             (no amulet)
HPRegen  0.11/turn              (no ring)
MPRegen  0.18/turn              (no ring)

@: no status effects
A: magic shield, magic regeneration
a: no special abilities


You were on level 3 of the Dungeon.
You were hungry.

You visited 1 branch of the dungeon, and saw 3 of its levels.

You collected 82 gold pieces.

Inventory:

Hand Weapons
 a - a +0 whip
 q - a +0 mace (weapon)
Armour
 b - a +1 robe
 c - a +1 hat (worn)
 d - a +1 pair of boots (worn)
 o - a +0 ring mail (worn)
Scrolls
 g - 2 scrolls of magic mapping
 i - 3 scrolls of identify {unknown}
 k - 2 scrolls of teleportation {unknown}
 n - 2 scrolls of noise {unknown}
 r - a scroll of remove curse {unknown}
Potions
 l - a potion of heal wounds {unknown}
 m - 2 potions of curing {unknown}
 p - a potion of agility {unknown}
 s - a potion of degeneration {unknown}
Miscellaneous
 f - a dusty tome
Comestibles
 e - 7 rations {!d}


   Skills:
 + Level 1.6 Fighting
 + Level 2.6 Maces & Flails
 + Level 0.5 Armour
 + Level 3.6 Dodging
 - Level 3.3 Stealth


You had 3 spell levels left.
You didn't know any spells.
Your spell library was empty.

Dungeon Overview and Level Annotations

Branches:
Dungeon (3/12)

Altars:
Okawaru
Qazlal
Vehumet


Innate Abilities, Weirdness & Mutations

When hurt, damage is shared between your health and your magic reserves.
You regenerate magic rapidly.


Message History

You closely miss the giant cockroach.
The orc priest calls upon Beogh to heal the orc.
The orc's wounds heal themselves!
The giant cockroach barely misses you.
You hit the giant cockroach.
The giant cockroach is moderately wounded.
The giant cockroach bites you but does no damage. x2
You hit the giant cockroach.
The giant cockroach explodes!
The fiery explosion engulfs the orc!!
The orc explodes!
You feel a bit more experienced.
The fiery explosion engulfs the orc!!
The orc explodes!
The fiery explosion engulfs the orc priest!!
The orc priest explodes!
You hear an explosion!
You feel a bit more experienced.
The fiery explosion engulfs the rat!!!
The rat explodes!
The fiery explosion engulfs you!!!
Ouch! That really hurt!
You die...

#............O<.#
#..P#.#P#P............
#....o..P...#.###.....
##.#......#...... ....
#..o..)(..#.###.### [..
#?o'......#.#..... ..
####o.#....P.#.#.#%####.
.
......#P.....o.#..%....#
####..########.#@§......
#.......o..o#§#######
#.......o..o§§#
########.#.§§## #######
.. ########...#
..........#.#
..........#.##
#..%..........$#


There were no monsters in sight!

Vanquished Creatures
  An orc priest (D:3)
  A bullfrog skeleton (D:3)
  2 worms (D:2)
  A dart slug (D:1)
  A leopard gecko (D:1)
  4 orcs (D:3)
  4 giant cockroaches
  5 goblins
  7 hobgoblins
  A quokka (D:2)
  6 bats
  2 frilled lizards
  4 kobolds
  7 rats
46 creatures vanquished.

Notes
Turn   | Place    | Note
-------+----------+-------------------------------------------
     0 | D:1      | Revguard the Demonspawn Archaeologist began the quest for
                  | the Orb.
     0 | D:1      | Reached XP level 1. HP: 15/15 MP: 1/1
   307 | D:1      | Gained mutation: When hurt, damage is shared between your
                  | health and your magic reserves. [demonic ancestry]
   307 | D:1      | Reached XP level 2. HP: 21/21 MP: 2/2
   345 | D:1      | Reached skill level 1 in Maces & Flails
  1014 | D:2      | Reached XP level 3. HP: 13/26 MP: 3/3
  1381 | D:2      | Found a stormy altar of Qazlal.
  1382 | D:2      | Found an iron altar of Okawaru.
  1555 | D:2      | Found a radiant altar of Vehumet.
  1671 | D:3      | Noticed an ogre
  2027 | D:3      | Gained mutation: You regenerate magic rapidly. [demonic
                  | ancestry]
  2027 | D:3      | Reached XP level 4. HP: 19/32 MP: 2/4
  2086 | D:3      | Killed from afar by a giant cockroach

Skill      XL: |  1  2  3 |
---------------+----------+-----
Maces & Flails | 1 2 |  2.6
Dodging        | 3 |  3.6
Fighting       | |  1.6
Armour         | |  0.5
Stealth        | |  3.3

Action                   |  1- 3 |  4- 6 || total
-------------------------+-------+-------++-------
Melee: Whip              |   145 |       ||   145
       Mace              |    36 |     9 ||    45
Throw: Throwing net      |     1 |       ||     1
  Use: Scroll            |       |     1 ||     1
 Stab: Sleeping          |     9 |     1 ||    10
       Held in net/web   |     1 |       ||     1
  Eat: Chunk             |     3 |       ||     3
Armor: Robe              |    59 |       ||    59
       Ring mail         |    20 |     8 ||    28
Dodge: Dodged            |   175 |    10 ||   185
